 Dungeon Crawl Stone Soup version 0.31-a0-175-g9f7f995f2b (webtiles) character file.

Game seed: 13080142343920250984

171 qw the Chopper (level 5, -2/32 HPs)
             Began as a Gargoyle Fighter on June 16, 2023.
             Killed from afar by Ijyb (12 damage)
             ... with a puff of flame
             ... on level 3 of the Dungeon.
             The game lasted 00:00:50 (2504 turns).

qw the Chopper (Gargoyle Fighter)                   Turns: 2504, Time: 00:00:51

Health: -2/32      AC: 15    Str: 21    XL:     5   Next: 51%
Magic:  5/5        EV:  7    Int:  9    God:
Gold:   162        SH:  4    Dex:  9    Spells: 4/4 levels left

rFire   . . .        Y - +0 war axe
rCold   . . .        c - +0 buckler
rNeg    + . .        k - +0 chain mail
rPois   inf          (no helmet)
rElec   +            (no cloak)
rCorr   .            (no gloves)
SInv    .            f - +1 pair of boots
Will    .....        (no amulet) Stlth
                     (no ring)
HPRegen 0.25/turn    (no ring)
MPRegen 0.09/turn

%: no passive effects
@: no status effects
A: sickness immunity, AC +4, negative energy resistance 1, electricity
resistance, torment resistance 1, petrification resistance
a: no special abilities


You were on level 3 of the Dungeon.
You visited 1 branch of the dungeon, and saw 3 of its levels.

You collected 162 gold pieces.


Innate Abilities, Weirdness & Mutations

You are immune to sickness and miasma.
Your stone body is resilient. (AC +4)
You are immune to poison.
You resist negative energy. (rN+)
You are resistant to electric shocks. (rElec)
You are resistant to unholy torment.
You are immune to petrification.


   Skills:
 + Level 3.2 Fighting
 - Level 5.1 Axes
 - Level 3.2 Armour
 - Level 3.2 Shields


You had 4 spell levels left.
You didn't know any spells.
Your spell library was empty.

Inventory:

Hand Weapons
 g - a +0 club
 Y - a +0 war axe (weapon)
Armour
 c - a +0 buckler (worn)
 f - a +1 pair of boots (worn)
 k - a +0 chain mail (worn)
Scrolls
 e - a scroll of identify
Potions
 a - a potion of resistance {unknown}
 b - a potion of mutation {unknown}
 d - a potion of might
 l - a potion of haste {unknown}
 m - 2 potions of curing

Dungeon Overview and Level Annotations

Branches:
Dungeon (3/15)

Altars:

Annotations:
D:3 Ijyb


Message History

Ijyb is lightly wounded.
Ijyb hits you but does no damage.
You closely miss Ijyb.
Ijyb is lightly wounded.
Ijyb hits you with a +0 dagger. You block Ijyb's attack.
You slash Ijyb!
Ijyb is heavily wounded.
Ijyb hits you with a +0 dagger.
You hit Ijyb but do no damage.
Ijyb is heavily wounded.
Ijyb hits you but does no damage.
You hit Ijyb but do no damage.
Ijyb is heavily wounded.
Ijyb closely misses you.
You barely miss Ijyb.
Ijyb is heavily wounded.
Ijyb hits you but does no damage. Ijyb completely misses you.
You miss Ijyb.
Ijyb is heavily wounded.
Ijyb hits you but does no damage.
You closely miss Ijyb.
Ijyb is heavily wounded.
Ijyb hits you but does no damage.
You hit Ijyb.
Ijyb is severely wounded.
Ijyb hits you but does no damage.
You closely miss Ijyb.
Ijyb is severely wounded.
Ijyb zaps a wand.
The puff of flame misses you.
Ijyb zaps a wand.
The puff of flame hits you!
You barely miss Ijyb.
Ijyb is severely wounded.
Ijyb hits you but does no damage.
You closely miss Ijyb.
Ijyb is severely wounded.
Ijyb zaps a wand.
The puff of flame hits you!
You closely miss Ijyb.
Ijyb is severely wounded.
Ijyb zaps a wand.
The puff of flame hits you!
You die...

.# #.# #.# #.#
#.##.#####.#
#...?...g@.#.############
#...##.###....##.........
... #.(...#.#######. ...
#....##.##### #.#
###.........# .# #.#
#.###.###.# .# ##.#######
#.# #.###.###.# #........#
#+###..<......#
#....###.##...####.#.##.##


You could see Ijyb.

Vanquished Creatures
  A scorpion (D:3)
  Natasha (thrice) (D:2)
  An adder (D:2)
  A dart slug (D:3)
  4 bats
  3 endoplasms (D:1)
  2 giant cockroaches (D:2)
  5 goblins
  A hobgoblin (D:1)
  3 jackals (D:1)
  3 kobolds
  2 quokkas (D:2)
  A ball python (D:1)
  3 frilled lizards (D:1)
  2 rats (D:1)
35 creatures vanquished.

Notes
Turn   | Place    | Note
-------+----------+-------------------------------------------
     0 | D:1      | qw the Gargoyle Fighter began the quest for the Orb.
     0 | D:1      | Reached XP level 1. HP: 14/14 MP: 1/1
     0 | D:1      | 0 ||| qw: Version: 0.2-a-29-g511e9b1
     0 | D:1      | 0 ||| qw: Game counter: 5905
     0 | D:1      | 0 ||| qw: Always use a shield: true
     0 | D:1      | 0 ||| qw: God list: Okawaru
     0 | D:1      | 0 ||| qw: Allow faded altars: false
     0 | D:1      | 0 ||| qw: Do Orc after D:15 true
     0 | D:1      | 0 ||| qw: Do second Lair branch before Depths: true
     0 | D:1      | 0 ||| qw: Lair rune preference: random
     0 | D:1      | 0 ||| qw: Plans: Normal, Zot:1-4, Slime:5, God:TSO, Crypt,
                  | Tomb, Abyss, Pan, Hells, Win
     0 | D:1      | 0 ||| PLANNING D:1-11
    11 | D:1      | Found Tuporhen's General Store.
    52 | D:1      | Reached skill level 2 in Axes
    57 | D:1      | 57 ||| Stepping ~*~*~tactically~*~*~ (stealth).
    58 | D:1      | 58 ||| Stepping ~*~*~tactically~*~*~ (stealth).
   200 | D:1      | Reached XP level 2. HP: 19/19 MP: 2/2
   686 | D:1      | Found a faded altar of an unknown god.
   696 | D:1      | Reached skill level 3 in Axes
   903 | D:1      | 903 ||| UPGRADING to +1 pair of boots.
   908 | D:1      | 908 ||| UPGRADING to +0 chain mail.
   918 | D:1      | 918 ||| DROPPING +0 scale mail.
   919 | D:1      | 919 ||| READING scroll labelled NYQAIM APLEA.
   920 | D:1      | 920 ||| READING scroll labelled CAUNWI DATEPTI.
   921 | D:1      | 921 ||| READING scroll labelled AQUNITEXAST.
   926 | D:1      | 926 ||| READING scroll labelled YSUOSH SIZYPU.
   985 | D:2      | Reached XP level 3. HP: 17/23 MP: 3/3
  1375 | D:2      | 1375 ||| Stepping ~*~*~tactically~*~*~ (stealth).
  1396 | D:2      | Noticed Natasha
  1411 | D:2      | Killed Natasha
  1412 | D:2      | Reached XP level 4. HP: 21/28 MP: 4/4
  1412 | D:2      | 1412 ||| Stepping ~*~*~tactically~*~*~ (hiding).
  1837 | D:2      | Noticed Natasha
  1838 | D:2      | 1838 ||| Stepping ~*~*~tactically~*~*~ (hiding).
  1844 | D:2      | Killed Natasha
  1845 | D:2      | Reached skill level 4 in Axes
  1908 | D:2      | 1908 ||| READING scroll labelled CUKHEU WULO.
  1945 | D:2      | Noticed Natasha
  1951 | D:2      | Killed Natasha
  1952 | D:2      | Reached XP level 5. HP: 32/32 MP: 5/5
  2428 | D:3      | 2428 ||| Stepping ~*~*~tactically~*~*~ (hiding).
  2448 | D:3      | Reached skill level 5 in Axes
  2481 | D:3      | Noticed Ijyb
  2482 | D:3      | 2482 ||| Stepping ~*~*~tactically~*~*~ (hiding).
  2504 | D:3      | Killed from afar by Ijyb

Levels and vault maps discovered:
D:1:      co_arrival_square_in_a_square_in_a_square, layout_basic, serial_shops,
          shop, chequers_ecumenical_altar_simple, minmay_surrounded
D:2:      layout_loops_corners, uniq_natasha
D:3:      layout_loops_corners, uniq_ijyb

Skill      XL: |  1  2  3  4  5 |
---------------+----------------+-----
Axes           | 2 3 4 5 |  5.1
Fighting       | |  3.2
Armour         | |  3.2
Shields        | |  3.2

Action                     |  1- 3 |  4- 6 || total
---------------------------+-------+-------++-------
  Melee: War axe           |    96 |    37 ||   133
    Use: Scroll            |     4 |     1 ||     5
 Armour: Scale mail        |    21 |       ||    21
         Chain mail        |    26 |    25 ||    51
  Dodge: Dodged            |    41 |    14 ||    55
  Block: Buckler           |    23 |     4 ||    27

Table legend:
 A = Non-vault XP
 B = Vault XP
 C = Vault XP percentage of total XP
 D = Non-vault monster count
 E = Vault monster count
 F = Vault count percentage of total count
                 A         B        C        D         E       F
            +---------+---------+-------+---------+---------+-------
      Total |     205 |      40 |  16.3 |      31 |       4 |  11.4
            +---------+---------+-------+---------+---------+-------
        D:1 |      26 |       5 |  16.1 |      16 |       3 |  15.8
        D:2 |     100 |      35 |  25.9 |      12 |       1 |   7.7
        D:3 |      79 |       0 |   0.0 |       3 |       0 |   0.0
            +---------+---------+-------+---------+---------+-------
